 Dungeon Crawl Stone Soup version 0.21.1-1-g345015f (webtiles) character file.

160 Celtican the Slasher (level 5, 0/40 HPs)
             Began as a Merfolk Skald on July 24, 2018.
             Was an Initiate of Dithmenos.
             Slain by an orc wizard
             ... wielding a +1 dagger of pain
              (2 damage)
             ... on level 3 of the Dungeon.
             The game lasted 00:18:50 (2171 turns).

Celtican the Slasher (Merfolk Skald)                Turns: 2171, Time: 00:18:50

Health: 0/40       AC: 10    Str: 11    XL:     5   Next: 41%
Magic:  4/8        EV: 11    Int: 13    God:    Dithmenos [......]
Gold:   127        SH:  0    Dex: 14    Spells: 3/9 levels left

rFire    . . .     SeeInvis .   k - +0 falchion
rCold    . . .     Gourm    .   (no shield)
rNeg     . . .     Faith    .   e - +1 ring mail
rPois    .         Spirit   .   (no helmet)
rElec    .         Reflect  .   (no cloak)
rCorr    .         Harm     .   (no gloves)
MR       .....                  (no boots)
Stlth    +.........             (no amulet)
HPRegen  0.13/turn              g - +4 ring of protection
MPRegen  0.11/turn              (no ring)

@: shrouded, very slightly contaminated
A: change form in water, swift swim, stealthy swim
a: Renounce Religion


You were on level 3 of the Dungeon.
You worshipped Dithmenos.
Dithmenos was noncommittal.
You were not hungry.

You visited 1 branch of the dungeon, and saw 3 of its levels.

You collected 127 gold pieces.

Inventory:

Hand Weapons
 b - a +4 vampiric dagger
 k - a +0 falchion (weapon)
Armour
 e - a +1 ring mail (worn)
Jewellery
 g - a +4 ring of protection (left hand)
Scrolls
 h - a scroll of fog
 j - a scroll of teleportation
Potions
 a - a potion of flight
Books
 c - a book of Battle

   Spells                             Type                      Level
   a - Infusion                       Charms                       1
   b - Shroud of Golubria             Charms/Translocation         2
   c - Song of Slaying                Charms                       2
   d - Spectral Weapon                Hexes/Charms                 3
   e - Regeneration                   Charms/Necromancy            3
Comestibles
 d - 4 rations
 f - 15 chunks of flesh


   Skills:
 + Level 2.9 Fighting
 + Level 4.2 Long Blades
 + Level 1.3 Armour
 + Level 3.2 Dodging
 + Level 0.2 Stealth
 + Level 2.6 Spellcasting
 + Level 3.5 Charms


You had 3 spell levels left.
You knew the following spells:

 Your Spells              Type           Power        Failure   Level  Hunger
a - Infusion              Chrm           ##..         13%         1    #......
b - Shroud of Golubria    Chrm/Tloc      #.........   38%         2    ###....
c - Regeneration          Chrm/Necr      #.........   63%         3    ###....


Dungeon Overview and Level Annotations

Branches:
Dungeon (3/15)

Altars:
Dithmenos
The Shining One


Message History

Space distorts slightly along a thin shroud covering your body.
The orc wizard points at you and mumbles some strange words.
The puff of flame hits you!
* * * LOW HITPOINT WARNING * * *
The orc wizard completely misses you.
You barely miss the orc wizard.
The orc wizard is lightly wounded.
The orc wizard hits you but does no damage.
You closely miss the orc wizard.
The orc wizard is lightly wounded.
The orc wizard hits you but does no damage.
You writhe in agony.
* * * LOW HITPOINT WARNING * * *
The orc wizard hits you but does no damage.
You hit the orc wizard but do no damage.
The orc wizard is lightly wounded.
The orc wizard begins to cast a cantrip, but forgets the words!
The orc wizard hits you but does no damage.
You writhe in agony.
You die...

......o..............
.........#o..........
#....o...#...........
#...oo...#...........
#........#.o........
......####o........
#..... #.........
#.#######oo######
#.....@ooo.#
#########!......
$....... ########


You could see an orc priest, an orc wizard and 3 orcs.

Vanquished Creatures
  An orc wizard (D:3)
  Terence (D:2)
  3 adders
  An ooze (D:1)
  An adder skeleton (D:2)
  A worm (D:2)
  2 dart slugs (D:2)
  A leopard gecko (D:3)
  3 orcs (D:3)
  A bat zombie (D:2)
  7 goblins
  8 hobgoblins
  7 jackals (D:2)
  A quokka (D:3)
  2 ball pythons
  8 bats
  4 frilled lizards
  A jackal skeleton (D:2)
  5 kobolds
  A quokka skeleton (D:2)
  3 rats
62 creatures vanquished.

Notes
Turn   | Place    | Note
-------+----------+-------------------------------------------
     0 | D:1      | Celtican the Merfolk Skald began the quest for the Orb.
     0 | D:1      | Reached XP level 1. HP: 16/16 MP: 3/3
    57 | D:1      | Reached XP level 2. HP: 19/22 MP: 5/5
   980 | D:1      | Learned a level 2 spell: Shroud of Golubria
  1165 | D:2      | Reached XP level 3. HP: 16/28 MP: 6/6
  1208 | D:2      | Reached skill level 1 in Armour
  1357 | D:2      | Reached skill level 3 in Long Blades
  1495 | D:2      | Noticed Terence
  1643 | D:2      | Reached XP level 4. HP: 30/34 MP: 7/7
  1648 | D:2      | Learned a level 3 spell: Regeneration
  1813 | D:2      | Killed Terence
  1958 | D:3      | Found a shadowy altar of Dithmenos.
  1959 | D:3      | Found a glowing golden altar of the Shining One.
  2064 | D:3      | Reached XP level 5. HP: 24/40 MP: 8/8
  2081 | D:3      | Reached skill level 4 in Long Blades
  2121 | D:3      | Became a worshipper of Dithmenos the Shadowed
  2170 | D:3      | HP: 2/40 [orc wizard/dagger of pain (1)]
  2171 | D:3      | Slain by an orc wizard

Skill      XL: |  1  2  3  4  5 |
---------------+----------------+-----
Dodging        | 3 |  3.2
Armour         | 1 |  1.3
Long Blades    | 3 4 |  4.2
Fighting       | |  2.9
Stealth        | |  0.2
Spellcasting   | |  2.6
Charms         | |  3.5

Action                   |  1- 3 |  4- 6 || total
-------------------------+-------+-------++-------
Melee: Falchion          |   120 |   104 ||   224
 Cast: Infusion          |     2 |     2 ||     4
       Shroud of Golubri |       |     2 ||     2
  Use: Potion            |     3 |       ||     3
       Scroll            |     7 |     2 ||     9
  Eat: Chunk             |     2 |     3 ||     5
Armor: Leather armour    |     5 |       ||     5
       Ring mail         |    30 |    85 ||   115
Dodge: Dodged            |    80 |    89 ||   169
       Rpst.: Falchion   |    24 |    29 ||    53
